 Dungeon Crawl Stone Soup version 0.30-a0-840-ga523dec638 (webtiles) character file.

Game seed: 11904433690615514058

3543 NinjaNoafa the Grappler (level 9, -4/97 HPs)
             Began as a Troll Monk on Mar 1, 2023.
             Was a Believer of Makhleb.
             Slain by Maggie
             ... wielding a +0 broad axe
              (6 damage)
             ... while paralysed by a hornet
             ... on level 8 of the Dungeon.
             The game lasted 00:21:21 (6130 turns).

NinjaNoafa the Grappler (Troll Monk)                Turns: 6130, Time: 00:21:22

Health: -4/97      AC:  5    Str: 20 (23) XL:     9   Next: 82%
Magic:  8/8        EV:  1    Int:  7 (10) God:    Makhleb [**....]
Gold:   236        SH:  0    Dex: 10 (12) Spells: 8/8 levels left

rFire   . . .      SeeInvis .      - Unarmed
rCold   . . .      Faith    .    (no shield)
rNeg    . . .      Spirit   .    r - +1 robe "Plog" {Contam rPois Str+2 Stlth+}
rPois   +          Reflect  .    (helmet restricted)
rElec   .          Harm     .    (no cloak)
rCorr   .          Rampage  .    (gloves unavailable)
Will    .....                    (boots unavailable)
Stlth   ++                       (no amulet)
HPRegen 1.16/turn                k - +5 ring of evasion
MPRegen 0.11/turn                (no ring)

@: paralysed, lethally poisoned (-4 -> -5), mesmerised, slowed
A: large, unfitting armour, claws 3, regeneration 1, shaggy fur 1, tough skin 1
a: Renounce Religion, Minor Destruction


You were on level 8 of the Dungeon.
You worshipped Makhleb.
Makhleb was pleased with you.
You visited 2 branches of the dungeon, and saw 9 of its levels.
You also visited: Sewer.

You collected 400 gold pieces.
You spent 164 gold pieces at shops.

Inventory:

Missiles
 t - 13 poisoned darts
 u - a throwing net
Armour
 r - the +1 robe "Plog" (worn) {Contam rPois Str+2 Stlth+}
   (You bought it in a shop on level 1 of the Dungeon)

   Str:       It affects your strength (+2).
   rPois:     It protects you from poison.
   Contam:    It causes magical contamination when unequipped.
   Stlth:     It makes you more stealthy.
 F - a +0 tower shield
Jewellery
 k - a +5 ring of evasion (left claw)
Wands
 o - a wand of iceblast (4)
 D - a wand of mindburst (13)
Scrolls
 c - 2 scrolls of immolation
 e - 4 scrolls of blinking
 f - 2 scrolls of magic mapping {unknown}
 g - 2 scrolls of enchant weapon {unknown}
 h - 2 scrolls of teleportation
 i - 3 scrolls of noise {unknown}
 j - a scroll of enchant armour
 m - 3 scrolls of poison {unknown}
 p - 2 scrolls of amnesia
 s - 2 scrolls of identify {unknown}
 v - a scroll of torment {unknown}
 w - 2 scrolls of fear {unknown}
 y - a scroll of butterflies {unknown}
 B - a scroll of silence {unknown}
 C - 2 scrolls of fog {unknown}
 G - a scroll of vulnerability {unknown}
Potions
 a - a potion of berserk rage
 b - a potion of lignification {unknown}
 d - a potion of degeneration
 l - a potion of brilliance {unknown}
 n - a potion of invisibility
 q - a potion of flight {unknown}
 x - 2 potions of curing
 z - a potion of magic
 E - a potion of attraction {unknown}
 H - a potion of mutation {unknown}


   Skills:
 - Level 8.8 Fighting
 - Level 2.4 Dodging
 - Level 1.0 Stealth
 - Level 10.5 Unarmed Combat
 + Level 0.0 Invocations
 + Level 0.0 Evocations


You had 8 spell levels left.
You didn't know any spells.
Your spell library contained the following spells:

 Spells                   Type           Power      Damage    Failure   Level
 Magic Dart               Conj           0%         1d3       43%         1
 Call Imp                 Summ           0%         N/A       56%         2
 Lesser Beckoning         Tloc           0%         N/A       56%         2
 Dazzling Flash           Conj/Hex       0%         N/A       80%         3
 Gell's Gravitas          Tloc           0%         N/A       80%         3
 Ignite Poison            Fire/Tmut/Pois 0%         N/A       80%         3
 Inner Flame              Hex/Fire       0%         N/A       80%         3
 Mephitic Cloud           Conj/Pois/Air  0%         N/A       80%         3
 Stone Arrow              Conj/Erth      0%         3d7       80%         3
 Teleport Other           Tloc           0%         N/A       80%         3
 Animate Armour           Summ/Erth      0%         N/A       99%         4
 Cause Fear               Hex            0%         N/A       99%         4
 Iskenderun's Mystic Bla  Conj/Tloc      0%         2d3       99%         4
 Sticky Flame             Conj/Fire      0%         2d3       99%         4
 Starburst                Conj/Fire      0%         6d3       100%        6
 Discord                  Hex            0%         N/A       100%        8
 Ignition                 Fire           0%         3d3       100%        8
 Lehudib's Crystal Spear  Conj/Erth      0%         10d2      100%        8


Dungeon Overview and Level Annotations

Branches:
Dungeon (8/15)             Temple (1/1) D:5           Sewer (visited)
   Lair: D:8-11

Altars:
Ashenzari
Cheibriados
Dithmenos
Elyvilon
Fedhas
Gozag
Kikubaaqudgha
Makhleb
Nemelex Xobeh
Ru
Sif Muna
Trog
Uskayaw
Vehumet
Yredelemnul
Zin
The Shining One

Shops:
D:1 [   D:2 =   D:6 *

Portals:
Abyss: D:4

Annotations:
D:4 2 transporters, Dodorex895's ghost, novice HOFi
D:8 Maggie


Innate Abilities, Weirdness & Mutations

You are too large for most types of armour.
You have claws for hands.
Your natural rate of healing is unusually fast.
You are covered in fur. (AC +1)
You have tough skin. (AC +1)


Message History

You barely miss Maggie.
Maggie is moderately wounded.
The hornet stings you.
You are poisoned.
You feel yourself slow down. Maggie misses you.
You fail to use your ability.
You feel very sick. The hornet barely misses you. The hornet stings you!
Maggie hits you with a +0 broad axe!
* * * LOW HITPOINT WARNING * * *
The hornet barely misses you.
Aiming: Minor Destruction (24% risk of failure)
Press: ? - help, Q - select action, (/) - cycle Shift-Dir - straight line, f/p - Maggie
Aim: Maggie, wielding a +0 broad axe and wearing +0 steam dragon scales (moderately wounded, mesmerising) Maggie writhes in agony.
You feel yourself speed up.
You feel very sick. Maggie closely misses you. The hornet stings you!
* * * LOW HITPOINT WARNING * * *
The hornet misses you.
Maggie gives herself a magical halo, but it quickly sputters out.
Maggie gestures wildly while chanting.
Maggie draws you further into her thrall.
Aiming: Minor Destruction (24% risk of failure)
Press: ? - help, Q - select action, (/) - cycle Shift-Dir - straight line, f/p - Maggie
Aim: Maggie, wielding a +0 broad axe and wearing +0 steam dragon scales (moderately wounded, mesmerising)
The glob of acid hits Maggie.
The acid corrodes Maggie!
Maggie is heavily wounded.
You feel sick. The hornet stings you!
* * * LOW HITPOINT WARNING * * *
You suddenly lose the ability to move!
Maggie hits you with a +0 broad axe.
* * * LOW HITPOINT WARNING * * *
You feel sick. The hornet barely misses you. The hornet stings you.
* * * LOW HITPOINT WARNING * * *
Maggie hits you with a +0 broad axe!
* * * LOW HITPOINT WARNING * * *
You feel sick. The hornet stings you.
* * * LOW HITPOINT WARNING * * *
You feel yourself slow down. Maggie hits you with a +0 broad axe.
You die...

.. ##.# ##
...#####...
##.
..........#
...
...........
...
.........##
#.#
...#.###.##
#.# # #...
#y# #...
#@# #.##
#@# #.##
..? #.##
###.# #.##
.# #.# ..
#. .# .#


You could see Maggie (mesmerising, corroded) and a hornet.

Vanquished Creatures
  Prince Ribbit (D:5)
  Sigmund (D:3)
  A wraith (D:7)
  4 vampire mosquitoes (D:8)
  Duvessa (D:5)
  2 sky beasts (D:7)
  2 orc warriors
  3 ogres (D:6)
  3 phantoms
  A gnoll sergeant (D:6)
  4 bullfrogs
  3 necrophages
  5 scorpions
  Dowan (D:5)
  A howler monkey (D:4)
  A jelly (D:7)
  3 hounds
  An orc priest (D:7)
  An iguana (D:3)
  Ijyb (D:5)
  7 orc wizards
  9 gnolls
  14 adders
  3 river rats
  A shadow imp (D:6)
  A white imp (D:6)
  A worm (D:4)
  A dart slug (D:3)
  14 orcs
  8 endoplasms
  6 giant cockroaches
  4 goblins
  5 hobgoblins
  6 jackals
  5 quokkas
  9 ball pythons
  7 bats
  5 frilled lizards
  10 kobolds
  12 rats
168 creatures vanquished.

Vanquished Creatures (others)
  24 plants (D:7)
  A withered plant (D:5)
25 creatures vanquished.

Grand Total: 193 creatures vanquished

Notes
Turn   | Place    | Note
-------+----------+-------------------------------------------
     0 | D:1      | NinjaNoafa the Troll Monk began the quest for the Orb.
     0 | D:1      | Reached XP level 1. HP: 22/22 MP: 0/0
   215 | D:1      | Reached XP level 2. HP: 29/29 MP: 1/1
   327 | D:1      | Found Wepry's Antique Armour Shoppe.
   733 | D:2      | Reached XP level 3. HP: 37/37 MP: 2/2
   768 | D:2      | Found a faded altar of an unknown god.
  1113 | D:2      | Found Deelepny's Jewellery Shop.
  1158 | D:3      | Noticed a phantom
  1165 | D:3      | Noticed Sigmund
  1169 | D:3      | Killed Sigmund
  1170 | D:3      | Reached skill level 5 in Unarmed Combat
  1170 | D:3      | Reached XP level 4. HP: 48/48 MP: 3/3
  1170 | D:3      | Reached XP level 5. HP: 54/54 MP: 4/4
  1354 | D:3      | Killed a phantom
  1355 | D:3      | Reached XP level 6. HP: 60/63 MP: 5/5
  1413 | D:3      | Found a broken altar of Ashenzari.
  1485 | D:3      | Found an opulent altar of Gozag.
  1595 | D:1      | Bought a colourful robe for 142 gold pieces
  1595 | D:1      | Identified the +1 robe "Plog" {Contam rPois Str+2 Stlth+}
                  | (You bought it in a shop on level 1 of the Dungeon)
  1759 | D:3      | Found a radiant altar of Vehumet.
  1880 | D:3      | Found a blossoming altar of Fedhas.
  2225 | D:4      | Found a glowing drain.
  2255 | Sewer    | Entered a sewer
  2717 | D:4      | Found a transporter.
  2752 | D:4      | Reached skill level 5 in Fighting
  2752 | D:4      | Reached skill level 6 in Unarmed Combat
  2752 | D:4      | Reached XP level 7. HP: 72/72 MP: 6/6
  2875 | D:4      | Found a transporter.
  2946 | D:4      | Found a one-way gate to the infinite horrors of the Abyss.
  2987 | D:5      | Entered Level 5 of the Dungeon
  2992 | D:5      | Noticed Dowan
  2995 | D:5      | Noticed Duvessa
  3016 | D:4      | Noticed Dodorex895's ghost (novice HOFi)
  3070 | D:5      | Noticed Ijyb
  3238 | D:5      | Noticed Prince Ribbit
  3265 | D:5      | Killed Prince Ribbit
  3266 | D:5      | Reached skill level 7 in Unarmed Combat
  3324 | D:5      | Found a staircase to the Ecumenical Temple.
  3334 | Temple   | Entered the Ecumenical Temple
  3492 | D:5      | Reached XP level 8. HP: 54/83 MP: 7/7
  3507 | D:5      | Found an ancient bone altar of Kikubaaqudgha.
  4050 | D:6      | Reached skill level 8 in Unarmed Combat
  4334 | D:6      | Found Koxkaepp's Assorted Antiques.
  4344 | D:6      | Bought a scroll labelled EWOLUE TAFFI for 22 gold pieces
  4423 | D:5      | Killed Duvessa
  4427 | D:5      | Killed Ijyb
  4435 | D:5      | Killed Dowan
  4649 | D:6      | Reached skill level 9 in Unarmed Combat
  4649 | D:6      | Reached XP level 9. HP: 49/93 MP: 8/8
  5459 | D:7      | Found a glowing silver altar of Zin.
  5809 | D:8      | Reached skill level 10 in Unarmed Combat
  5959 | Temple   | Became a worshipper of Makhleb the Destroyer
  5959 | Temple   | Reached * piety under Makhleb
  5959 | Temple   | Reached ** piety under Makhleb
  6118 | D:8      | Noticed Maggie
  6128 | D:8      | Paralysed by a hornet for 3 turns
  6129 | D:8      | HP: 3/97 [Maggie/+0 broad axe (9)]
  6130 | D:8      | Slain by Maggie

Illustrated notes

Levels and vault maps discovered:
D:1:      dpeg_arrival_stone_temple_mockup, layout_basic, serial_shops,
          nicolae_shop_waterfront, dreamdust_princess_bridge
D:2:      layout_basic, ebering_ecumenical_altar_rust, serial_shops,
          nicolae_shop_statue_plus
D:3:      layout_basic, nicolae_gozag_cash_rules_everything_around_me,
          mainiacjoe_overflow_surrounded_room, mainiacjoe_overflow_24_doors,
          evilmike_ruin_ashenzari, minmay_bisected, uniq_sigmund
D:4:      layout_rooms, gammafunk_ghost_abyssal_escape, portal_sewer_entry_b,
          serial_corexii_hall, corexii_hall_statues_l,
          chequers_hall_statues_wall_a, minmay_strange_pillars
D:5:      layout_basic, kiku_gazebo_garden_becter,
          minmay_temple_entry_large_hall, uniq_ijyb, uniq_prince_ribbit1,
          uniq_duvessa
D:6:      layout_basic, serial_shops, nicolae_shop_hallway_plus
D:7:      layout_basic, mainiacjoe_overflow_chevrons,
          hangedman_decor_clover_reticule
D:8:      layout_loops_cross, regret_index_temple_of_mockery,
          nzn_wu_jian_council_hall, fungi_pond_lemuel,
          hangedman_decor_peaks_small, st_stairs_8, uniq_maggie
Temple:   jpeg_temple_clearing

Skill      XL: |  1  2  3  4  5  6  7  8  9 |
---------------+----------------------------+-----
Fighting       | 3 4 5 6 7 8 |  8.8
Unarmed Combat | 5 6 7 9 10 | 10.5
Dodging        | |  2.4
Stealth        | |  1.0

Action                     |  1- 3 |  4- 6 |  7- 9 || total
---------------------------+-------+-------+-------++-------
  Melee: Unarmed           |    79 |   107 |   295 ||   481
         Punch             |     2 |     5 |    15 ||    22
 Invoke: Minor Destruction |       |       |     5 ||     5
    Use: Scroll            |     1 |       |     4 ||     5
         Potion            |       |       |     8 ||     8
   Stab: Sleeping          |     1 |     2 |     2 ||     5
 Armour: Robe              |    28 |    17 |    63 ||   108
  Dodge: Dodged            |    55 |    86 |   226 ||   367

Table legend: (Time is in decaauts)
 A = Elapsed time spent in this place.
 B = Non-inter-level travel time spent in this place.
 C = Inter-level travel time spent in this place.
 D = Time resting spent in this place.
 E = Time spent auto-exploring this place.
 F = Levels seen in this place.
 G = Mean time per level.
                   A        B        C        D        E       F      G
               +--------+--------+--------+--------+--------+-----+--------+
         Total |   6108 |   5397 |    711 |    100 |   3171 |  10 |  610.8 |
       Dungeon |   5547 |   4882 |    665 |    100 |   2782 |   8 |  693.4 |
        Temple |    168 |    122 |     46 |      0 |    109 |   1 |  168.0 |
         Sewer |    392 |    392 |      0 |      0 |    280 |   1 |  392.0 |
               +--------+--------+--------+--------+--------+-----+--------+

Top non-repeatable levels by time:
     D:6: 1163 daAuts
     D:7: 807 daAuts
     D:3: 795 daAuts
     D:1: 754 daAuts
     D:5: 740 daAuts
     D:4: 660 daAuts
     D:2: 518 daAuts
   Sewer: 392 daAuts
  Temple: 168 daAuts
     D:8: 108 daAuts
